Map: Terraform LE (Void)

Players

NightEnD - Winner!

  • Race: Protoss Protoss
  • League: Master

FeaR

  • Race: Protoss Protoss
  • League: Grandmaster

Event: Lycan League Weekly August #3

VOD

Have the link to the VOD?

Description

Time

  • Played on: Aug. 17, 2015, 12:46 p.m.
  • Length: 9:06

All games in this series

Show
View Real Time Build Order
Export as new Build Order

NightEnD Protoss - Winner!

Build Orders:  

Get SALT Encoding   

  12  0:01  Probe  
  13  0:13  Pylon  
  13  0:18  Probe  
  14  0:32  Probe (Chrono Boost)  
  14  0:34  Gateway  
  16  0:43  Probe (Chrono Boost)  
  16  0:44  Assimilator  
  16  0:49  Probe (Chrono Boost)  
  17  0:52  Assimilator  
  17  1:01  Probe  
  18  1:11  Gateway  
  18  1:13  Probe  
  19  1:21  Cybernetics Core  
  19  1:25  Probe  
  20  1:37  Probe  
  20  1:38  Pylon  
  21  1:49  Probe  
  22  1:59  Adept x2 (Chrono Boost)  
  26  2:01  Mothership Core  
  28  2:10  Pylon  
  28  2:19  Stalker (Chrono Boost)  
  30  2:28  Warp Gate  
  32  2:31  Probe  
  33  2:38  Stalker (Chrono Boost)  
  33  2:42  Stalker (Chrono Boost)  
  33  2:43  Probe  
  36  3:03  Robotics Facility  
  34  3:12  Adept x2, Pylon  
  36  3:19  Pylon  
  36  3:34  Gateway  
  36  3:42  Adept x2  
  40  3:58  Observer  
  40  3:59  Probe  
  42  4:07  Twilight Council  
  42  4:26  Nexus  
  42  4:29  Probe  
  41  4:41  Probe  
  42  4:53  Probe  
  43  5:04  Immortal (Chrono Boost)  
  43  5:05  Probe  
  48  5:15  Pylon  
  48  5:17  Probe  
  49  5:24  Shield Upgrade  
  47  5:30  Probe  
  48  5:36  Immortal (Chrono Boost)  
  50  5:44  Adept x2  
  50  5:45  Adept  
  50  5:47  Probe (Chrono Boost)  
  54  5:52  Probe (Chrono Boost)  
  55  5:59  Probe (Chrono Boost)  
  55  6:02  Probe (Chrono Boost)  
  54  6:08  Immortal (Chrono Boost)  
  58  6:15  Adept x2  
  58  6:16  Adept  
  64  6:24  Pylon  
  66  6:40  Immortal (Chrono Boost)  
  66  6:42  Stalker  
  66  6:43  Stalker  
  66  6:45  Stalker  
  66  7:07  Adept x2  
  66  7:08  Adept  
  71  7:35  Adept x3  
  76  7:46  Pylon  
  76  7:56  Adept x2  
  76  7:57  Adept  
  82  8:12  Pylon  
  80  8:17  Adept x3  
  86  8:32  Adept x3  
  86  9:03  Adept x3  
Show
View Real Time Build Order
Export as new Build Order

FeaR Protoss 

Build Orders: Oracle Opening 

Get SALT Encoding   

  12  0:01  Probe  
  13  0:16  Pylon  
  13  0:18  Probe  
  14  0:34  Probe (Chrono Boost)  
  14  0:35  Gateway  
  15  0:45  Probe (Chrono Boost)  
  15  0:48  Assimilator  
  16  0:51  Probe (Chrono Boost)  
  16  0:53  Assimilator  
  17  1:03  Probe (Chrono Boost)  
  18  1:07  Gateway  
  18  1:15  Probe (Chrono Boost)  
  19  1:24  Cybernetics Core, Probe (Chrono Boost)  
  20  1:32  Probe  
  21  1:45  Probe  
  22  1:53  Pylon  
  22  2:11  Stalker x2  
  22  2:12  Mothership Core (Chrono Boost)  
  28  2:25  Stargate  
  28  2:31  Probe  
  28  2:33  Pylon  
  29  2:39  Warp Gate  
  29  2:52  Probe  
  29  3:04  Probe  
  27  3:08  Oracle (Chrono Boost)  
  29  3:16  Probe  
  30  3:23  Twilight Council  
  30  3:28  Probe  
  31  3:41  Probe  
  32  3:53  Probe  
  33  3:58  Gateway  
  33  4:00  Blink (Chrono Boost)  
  33  4:05  Probe  
  34  4:17  Probe  
  34  4:23  Pylon  
  35  4:27  Pylon  
  35  4:29  Probe  
  33  4:41  Probe  
  33  4:53  Probe  
  33  4:54  Nexus  
  33  4:57  Stalker x2  
  38  5:05  Probe  
  39  5:07  Oracle (Chrono Boost)  
  42  5:14  Stalker  
  42  5:17  Probe  
  45  5:30  Probe  
  41  5:47  Stalker x2  
  41  5:48  Stalker  
  44  5:52  Probe  
  46  6:13  Stalker x2  
  46  6:15  Stalker  
  46  6:16  Pylon  
  49  6:37  Probe (Chrono Boost)  
  49  6:39  Probe (Chrono Boost)  
  52  6:47  Robotics Facility  
  52  6:48  Probe (Chrono Boost)  
  52  6:49  Probe (Chrono Boost)  
  53  6:54  Probe  
  53  6:56  Probe  
  55  7:07  Probe (Chrono Boost)  
  56  7:08  Probe (Chrono Boost)  
  57  7:19  Probe (Chrono Boost)  
  57  7:20  Probe (Chrono Boost)  
  59  7:25  Probe (Chrono Boost)  
  59  7:26  Probe (Chrono Boost)  
  60  7:40  Stalker x3  
  65  7:45  Pylon  
  65  7:49  Immortal (Chrono Boost)  
  68  8:05  Sentry x3  
  74  8:22  Pylon  
  74  8:25  Pylon  
  73  8:32  Immortal (Chrono Boost)  
  74  8:45  Stalker x3  

Tags
 
Add a new tag
Caveats
  • Supply blocks, unpowered buildings, or Contaminate may cause inaccurate times.
  • Supply counts are checked every 10 seconds.